 Dungeon Crawl Stone Soup version 0.29.1-2-gbd0b4ee654 (webtiles) character file.

Game seed: 7609484923707550433

31090 DemonSlayer the Thaumaturge (level 13, -3/78 HPs)
             Began as a Demonspawn Fire Elementalist on Oct 31, 2022.
             Was a Believer of Cheibriados.
             Slain by a black mamba (6 damage)
             ... while petrified by a basilisk
             ... on level 5 of the Lair of Beasts.
             The game lasted 00:50:29 (21676 turns).

DemonSlayer the Thaumaturge (DsFE)                 Turns: 21676, Time: 00:50:30

Health: -3/78      AC: 14    Str: 15    XL:     13   Next: 24%
Magic:  28/37      EV:  2    Int: 25    God:    Cheibriados [**....]
Gold:   2047       SH:  0    Dex: 19    Spells: 5/34 levels left

rFire   . . .      SeeInvis .   d - +9 quick blade
rCold   . . .      Faith    .   B - +3 buckler of Ameehet {rElec}
rNeg    + + +      Spirit   .   z - +1 acid dragon scales
rPois   ∞          Reflect  .   t - +0 helmet
rElec   +          Harm     .   j - +0 cloak
rCorr   +          Rampage  .   (no gloves)
Will    .....                   u - +0 pair of boots
Stlth   +++++.....              x - amulet of regeneration
HPRegen 1.03/turn               s - ring of resist corrosion
MPRegen 0.25/turn               y - ring of magical power

@: petrified, very slow
A: thin metallic scales 2, demonic magic 1, weakness stinger 2, frail 1
a: Renounce Religion, Bend Time


You were on level 5 of the Lair of Beasts.
You worshipped Cheibriados.
Cheibriados was pleased with you.
You visited 3 branches of the dungeon, and saw 16 of its levels.

You collected 2070 gold pieces.
You spent 23 gold pieces at shops.

Inventory:

Hand Weapons
 d - a +9 quick blade (weapon)
Missiles
 m - 9 atropa-tipped darts
 n - a curare-tipped dart
Armour
 j - a +0 cloak (worn)
 t - a +0 helmet (worn)
 u - a +0 pair of boots (worn)
 z - +1 acid dragon scales (worn)
 B - the +3 buckler of Ameehet (worn) {rElec}
   (You found it on level 1 of the Lair of Beasts)

   rElec:     It insulates you from electricity.
Jewellery
 s - a ring of resist corrosion (left hand)
 x - an amulet of regeneration (around neck)
 y - a ring of magical power (right hand)
Wands
 b - a wand of flame (24)
 l - a wand of light (1)
 o - a wand of paralysis (14)
 D - a wand of mindburst (7)
 F - a wand of roots (7)
Scrolls
 c - 3 scrolls of fog
 f - 3 scrolls of amnesia
 h - 13 scrolls of identify
 i - a scroll of blinking
 p - 6 scrolls of teleportation
 r - 2 scrolls of fear {unknown}
 w - a scroll of torment
 A - 2 scrolls of magic mapping
Potions
 a - 11 potions of curing
 e - 5 potions of brilliance
 g - 2 potions of flight
 q - a potion of ambrosia
 v - a potion of heal wounds
 C - a potion of mutation
 E - a potion of berserk rage
 G - a potion of magic
Miscellaneous
 k - a lightning rod (4/4)


   Skills:
 + Level 3.4 Fighting
 + Level 4.3 Short Blades
 + Level 1.2 Throwing
 + Level 3.9 Armour
 + Level 4.2 Dodging
 + Level 10.7 Stealth
 + Level 2.3 Shields
 + Level 11.4 Spellcasting
 + Level 7.2 Conjurations
 + Level 9.3 Fire Magic
 + Level 5.5 Earth Magic
 + Level 0.2 Evocations


You had 5 spell levels left.
You knew the following spells:

 Your Spells              Type           Power      Damage    Failure   Level
a - Foxfire               Conj/Fire      100%       2x1d9     1%          1
b - Scorch                Fire           100%       2d10      1%          2
c - Conjure Flame         Conj/Fire      54%        6-21      1%          3
d - Stone Arrow           Conj/Erth      92%        3d12      1%          3
e - Flame Wave            Conj/Fire      54%        2d13      2%          4
f - Petrify               Tmut/Erth      28%        N/A       26%         4
g - Summon Guardian Gole  Hex/Summ       14%        N/A       24%         3
h - Passwall              Tmut/Erth      23%        N/A       3%          2
i - Leda's Liquefaction   Hex/Erth       14%        N/A       26%         4
j - Ozocubu's Armour      Ice            14%        N/A       24%         3

Your spell library contained the following spells:

 Spells                   Type           Power      Damage    Failure   Level
 Sandblast                Erth           84%        2d18      1%          1
 Inner Flame              Hex/Fire       37%        N/A       3%          3
 Slow                     Hex            56%        N/A       8%          1
 Ensorcelled Hibernation  Hex/Ice        28%        N/A       12%         2
 Sublimation of Blood     Necr           14%        N/A       12%         2
 Wereblood                Tmut           14%        N/A       12%         2
 Call Canine Familiar     Summ           14%        N/A       24%         3
 Confusing Touch          Hex            14%        N/A       24%         3
 Portal Projectile        Hex/Tloc       28%        N/A       24%         3
 Spider Form              Tmut/Pois      14%        N/A       24%         3
 Vampiric Draining        Necr           14%        2d7       24%         3
 Irradiate                Conj/Tmut      16%        3d17      45%         5
 Anguish                  Hex/Necr       7%         N/A       61%         4
 Corpse Rot               Necr/Pois/Air  14%        N/A       61%         4
 Metabolic Englaciation   Hex/Ice        7%         N/A       91%         5
 Starburst                Conj/Fire      27%        6d9       36%         6
 Orb of Destruction       Conj           25%        9d9       98%         7
 Simulacrum               Ice/Necr       7%         N/A       100%        6
 Enfeeble                 Hex            7%         N/A       100%        7
 Spellforged Servitor     Conj/Summ      16%        N/A       100%        7
 Summon Hydra             Summ           7%         N/A       100%        7


Dungeon Overview and Level Annotations

Branches:
Dungeon (10/15)            Temple (1/1) D:7            Lair (5/5) D:10
  Swamp (0/4) Lair:2       Spider (0/4) Lair:2
  Slime: Lair:4-5       Orc: D:9-12

Altars:
Ashenzari
Cheibriados
Dithmenos
Fedhas
Gozag
Hepliaklqana
Kikubaaqudgha
Makhleb
Nemelex Xobeh
Okawaru
Qazlal
Ru
Sif Muna
Trog
Uskayaw
Vehumet
Wu Jian
Xom
Yredelemnul

Shops:
D:9 *

Annotations:
D:3 1 runed translucent door, Crazy Yiuf


Innate Abilities, Weirdness & Mutations

You are mostly covered in thin metallic scales. (AC +3)
Spells you cast may paralyse adjacent enemies.
You have a tail ending in a sharp stinger.
You are frail. (-10% HP)


Message History

The rime drake breathes ice at you. The flash freeze hits you!
You are encased in ice.
The black mamba splashes around in the water.
The rime drake bites you but does no damage.
The sea snake bites you!
The rime drake bites you but does no damage.
The black mamba splashes around in the water.
The blink frog completely misses you.
The rime drake bites you but does no damage.
The sea snake bites you!
* * * LOW HITPOINT WARNING * * *
The black mamba splashes around in the water.
The rime drake completely misses you. The blink frog hits you!
* * * LOW HITPOINT WARNING * * *
The black mamba bites you but does no damage.
The rime drake bites you.
* * * LOW HITPOINT WARNING * * *
The sea snake bites you!
* * * LOW HITPOINT WARNING * * *
The rime drake bites you but does no damage.
The blink frog hits you!
* * * LOW HITPOINT WARNING * * *
The blink frog blinks!
The black mamba bites you but does no damage.
The ice encasing you melts away.
The rime drake bites you but does no damage.
The black mamba splashes around in the water.
The sea snake bites you.
* * * LOW HITPOINT WARNING * * *
The rime drake bites you but does no damage.
The basilisk gazes at you.
You easily resist.
The blink frog blinks!
The rime drake bites you but does no damage.
The black mamba bites you!
* * * LOW HITPOINT WARNING * * *
The sea snake bites you but does no damage.
The black mamba bites you!
You die...

..........# FP
#.....#!..##<.#.
........~..#....
.....~~~~~~~...
...~~~≈≈≈≈~..##
#..~≈~≈~~~≈~~.#
...~≈~..Sl~§.#..
...~≈≈.k@k≈~~..#
...~~~~§S≈≈~~...
...~~~~≈≈≈≈~....
....≈≈~≈≈≈~~...#
...~~~≈~≈~.~..#.
.......~~....#.~
......#.~.#....#
...............


You could see a sea snake, a black mamba, a basilisk, a blink frog and 2 rime
drakes.

Vanquished Creatures
  A boulder beetle (D:10)
  3 hydras
  2 centaur warriors (D:10)
  2 two-headed ogres (D:10)
  Pikel (D:6)
  A necromancer (Lair:3)
  An oklob plant (Lair:1)
  A torpor snail (Lair:3)
  4 black mambas
  8 cane toads
  A gargoyle (D:8)
  Maggie (D:10)
  An ice devil (Lair:5)
  3 rime drakes
  7 komodo dragons
  A polar bear (Lair:2)
  14 blink frogs
  2 hornets (Lair:5)
  4 dream sheep (Lair:4)
  Grinder (D:3)
  7 culicivoras (Lair:2)
  Sigmund (D:3)
  A wyvern (D:5)
  The ghost of deadpool521 the Trooper, an amateur HOFi (D:7)
  38 yaks
  A basilisk (Lair:4)
  5 steam dragons
  A vampire mosquito (D:10)
  2 acid dragons
  Edmund (D:6)
  Duvessa (D:6)
  4 water moccasins
  5 orc warriors
  A sky beast (D:8)
  3 ice beasts
  3 ogres
  3 wolves (Lair:3)
  2 centaurs
  2 lemures (D:6)
  3 kobold brigands
  10 bullfrogs
  5 scorpions
  5 wights (D:9)
  Dowan (D:6)
  10 killer bees
  3 howler monkeys
  2 hounds
  2 jellies
  6 orc priests
  Terence (D:2)
  Natasha (thrice) (D:3)
  8 iguanas
  15 orc wizards
  3 yak simulacra (Lair:3)
  4 hell rats (Lair:5)
  3 polar bear simulacra (Lair:3)
  2 wolf simulacra (Lair:3)
  13 gnolls
  6 adders
  A white imp (D:7)
  An ufetubus (D:5)
  A worm (D:3)
  3 dart slugs
  38 orcs
  4 ball pythons
  6 endoplasms
  2 giant cockroaches
  9 goblins
  2 hobgoblins
  2 jackals (D:4)
  2 quokkas
  6 bats
  A frilled lizard (D:3)
  17 kobolds
  6 rats
  3 river rat simulacra (Lair:3)
  6 bushes (Lair:1)
356 creatures vanquished.

Vanquished Creatures (others)
  A cane toad (Lair:5)
  151 foxfires
  19 fungi
  37 plants
208 creatures vanquished.

Grand Total: 564 creatures vanquished

Notes
Turn   | Place    | Note
-------+----------+-------------------------------------------
     0 | D:1      | DemonSlayer the Demonspawn Fire Elementalist began the
                  | quest for the Orb.
     0 | D:1      | Reached XP level 1. HP: 13/13 MP: 3/3
   228 | D:1      | Gained mutation: Spells you cast may paralyse adjacent
                  | enemies. [demonic ancestry]
   228 | D:1      | Reached XP level 2. HP: 19/19 MP: 0/5
  1104 | D:1      | Learned a level 2 spell: Scorch
  1383 | D:2      | Noticed Terence
  1395 | D:2      | Killed Terence
  1396 | D:2      | Reached XP level 3. HP: 24/24 MP: 2/6
  1903 | D:2      | Reached XP level 4. HP: 30/30 MP: 3/8
  2097 | D:2      | Reached skill level 3 in Spellcasting
  2202 | D:2      | Learned a level 3 spell: Conjure Flame
  2439 | D:3      | Noticed Sigmund
  2456 | D:3      | Killed Sigmund
  2457 | D:3      | Gained mutation: You are partially covered in thin metallic
                  | scales. (AC +2) [demonic ancestry]
  2457 | D:3      | Reached XP level 5. HP: 26/35 MP: 7/10
  2457 | D:3      | Gained mutation: You have a small tail. [demonic ancestry]
  2457 | D:3      | Reached XP level 6. HP: 31/41 MP: 7/11
  2653 | D:3      | Noticed Natasha
  2659 | D:3      | Killed Natasha
  2726 | D:3      | Found a runed translucent door.
  2727 | D:3      | Noticed Crazy Yiuf
  2776 | D:3      | Noticed Grinder
  2783 | D:3      | Killed Grinder
  2784 | D:3      | Reached skill level 4 in Spellcasting
  2784 | D:3      | Gained mutation: You have a tail ending in a sharp stinger.
                  | [demonic ancestry]
  2784 | D:3      | Reached XP level 7. HP: 46/46 MP: 6/13
  2992 | D:3      | Noticed Natasha
  3012 | D:3      | Found a faded altar of an unknown god.
  3054 | D:3      | Killed Natasha
  3149 | D:3      | Noticed Natasha
  3152 | D:3      | Killed Natasha
  3583 | D:3      | Identified a scroll of acquirement
  3583 | D:3      | Acquired a +6 quick blade
  3682 | D:4      | Reached skill level 5 in Stealth
  3783 | D:4      | You fall into a shaft and drop 1 floor!
  3783 | D:5      | Entered Level 5 of the Dungeon
  3801 | D:5      | Noticed a wyvern
  3811 | D:5      | Reached skill level 1 in Short Blades
  3820 | D:5      | Identified the +7 mace "Laokhloo" {freeze, *Corrode rPois
                  | rN+ Will+}
  3930 | D:5      | Learned a level 3 spell: Stone Arrow
  3935 | D:5      | Learned a level 4 spell: Flame Wave
  4145 | D:5      | Killed a wyvern
  4146 | D:5      | Reached skill level 5 in Spellcasting
  4155 | D:5      | Gained mutation: You are frail. (-10% HP) [potion of
                  | mutation]
  4163 | D:5      | Reached XP level 8. HP: 35/47 MP: 1/15
  4912 | D:4      | Reached skill level 5 in Fire Magic
  5587 | D:4      | Reached skill level 6 in Spellcasting
  6821 | D:6      | Noticed Dowan
  6822 | D:6      | Noticed Pikel
  6829 | D:6      | Killed Dowan
  7088 | D:6      | Gained mutation: You are mostly covered in thin metallic
                  | scales. (AC +3) [demonic ancestry]
  7088 | D:6      | Reached XP level 9. HP: 34/52 MP: 11/18
  7356 | D:6      | Noticed Duvessa
  7363 | D:6      | Killed Duvessa
  7400 | D:6      | Killed Pikel
  7401 | D:6      | Reached skill level 7 in Spellcasting
  7503 | D:6      | Noticed Edmund
  7507 | D:6      | Killed Edmund
  7622 | D:6      | Reached skill level 1 in Earth Magic
  7881 | D:6      | Learned a level 4 spell: Petrify
  7942 | D:7      | Found a staircase to the Ecumenical Temple.
  8275 | Temple   | Entered the Ecumenical Temple
  8569 | D:7      | Noticed a four-headed hydra
  8577 | D:7      | Killed a four-headed hydra
  8578 | D:7      | Reached skill level 1 in Fighting
  8817 | D:7      | Reached XP level 10. HP: 39/60 MP: 14/21
  8946 | D:7      | Reached skill level 8 in Spellcasting
  9118 | D:7      | Found a runed translucent door.
  9408 | D:7      | Found a faded altar of an unknown god.
  9408 | D:7      | Found an ancient bone altar of Kikubaaqudgha.
  9414 | D:7      | Found a sacrificial altar of Ru.
  9416 | D:7      | Found a basalt altar of Yredelemnul.
  9418 | D:7      | Found a blossoming altar of Fedhas.
  9473 | D:7      | Noticed deadpool521's ghost (amateur HOFi)
  9478 | D:7      | Killed deadpool521's ghost
  9735 | D:8      | Noticed a gargoyle
  9738 | D:8      | Killed a gargoyle
 11017 | D:8      | Learned a level 3 spell: Summon Guardian Golem
 11020 | D:8      | Learned a level 2 spell: Passwall
 11136 | D:8      | Reached skill level 9 in Spellcasting
 12166 | D:9      | Found Ufeku Reni's Assorted Antiques.
 12175 | D:9      | Bought a smoky emerald potion for 23 gold pieces
 12296 | D:9      | Reached skill level 1 in Armour
 12299 | D:9      | Reached XP level 11. HP: 54/64 MP: 9/24
 12449 | D:9      | Learned a level 4 spell: Leda's Liquefaction
 12470 | D:10     | Entered Level 10 of the Dungeon
 12566 | D:10     | Noticed a boulder beetle
 12579 | D:10     | Killed a boulder beetle
 12602 | D:10     | Noticed a centaur warrior
 12602 | D:10     | Noticed a centaur warrior
 12609 | D:10     | Killed a centaur warrior
 12612 | D:10     | Killed a centaur warrior
 13110 | D:10     | Noticed a two-headed ogre
 13465 | D:10     | Killed a two-headed ogre
 13466 | D:10     | Reached skill level 1 in Throwing
 13586 | D:10     | Found a snail-covered altar of Cheibriados.
 13590 | D:10     | Noticed Maggie
 13600 | D:10     | Noticed a two-headed ogre
 13613 | D:10     | Killed a two-headed ogre
 13992 | D:10     | Found a staircase to the Lair.
 13994 | D:10     | Became a worshipper of Cheibriados the Contemplative
 14145 | D:10     | Killed Maggie
 14146 | D:10     | Reached skill level 5 in Conjurations
 14870 | Lair:1   | Entered Level 1 of the Lair of Beasts
 14870 | Lair:1   | Noticed an oklob plant
 15196 | Lair:1   | Identified the +3 buckler of Ameehet {rElec}
 15333 | Lair:1   | Reached skill level 10 in Spellcasting
 15939 | Lair:1   | Killed an oklob plant
 16048 | Lair:1   | Learned a level 3 spell: Ozocubu's Armour
 16080 | Lair:2   | Found a staircase to the Swamp.
 16606 | Lair:2   | Identified the +0 chain mail "Forget-Me-Not" {Dex+4 SInv}
 16733 | Lair:2   | Reached XP level 12. HP: 49/72 MP: 26/26
 17300 | Lair:2   | Found a hole to the Spider Nest.
 17308 | Lair:2   | Reached skill level 10 in Stealth
 17909 | Lair:3   | Reached skill level 1 in Shields
 18086 | Lair:3   | Noticed a six-headed hydra
 18091 | Lair:3   | Reached * piety under Cheibriados
 18666 | Lair:3   | Killed a six-headed hydra
 18714 | Lair:3   | Got the Book of the Maze
 19358 | Lair:3   | Reached skill level 11 in Spellcasting
 19810 | Lair:3   | Reached ** piety under Cheibriados
 19826 | Lair:3   | Reached skill level 5 in Earth Magic
 19826 | Lair:3   | Reached XP level 13. HP: 78/78 MP: 10/28
 19945 | Lair:3   | You fall into a shaft and drop 2 floors!
 19945 | Lair:5   | Entered Level 5 of the Lair of Beasts
 20080 | Lair:5   | Found a frozen archway.
 20313 | Lair:4   | Acquired 1250 gold pieces
 21675 | Lair:5   | HP: 2/78 [black mamba (5)]
 21676 | Lair:5   | Slain by a black mamba

Illustrated notes

Levels and vault maps discovered:
D:1:      roderic_octagonal_star, layout_basic, serial_bayou,
          serial_bayou_shore_b, serial_bayou_pond_b, serial_bayou_pond_e,
          serial_bayou_pond_c
D:2:      layout_loops_corners, nicolae_grassy_gnolls, uniq_terence
D:3:      layout_basic, ebering_ecumenical_altar_ruins, uniq_natasha,
          uniq_crazy_yiuf_cottage, uniq_grinder, uniq_sigmund
D:4:      layout_layer_cave, dk_noncrumbling_3, kennysheep_generic_room_13
D:5:      layout_rooms, gammafunk_temple_overflow_pools
D:6:      layout_loops_ring, uniq_duvessa, uniq_edmund, uniq_pikel
D:7:      layout_cave_pools, chequers_temple_overflow_minitemple,
          minmay_temple_entry_ruins, ebering_ghost_reflecting_pool,
          hangedman_decor_growths
D:8:      layout_basic, bh_walls_and_bars
D:9:      minmay_general_purpose_star, layout_basic, serial_shops,
          nicolae_shop_temple_entry_statues_fountains
D:10:     minmay_bloctagon_deflated, layout_cave_pods, cheibriados_altar_2,
          lair_entry_dummy, uniq_maggie
Temple:   regret_index_temple_waves
Lair:1:   layout_chaotic_city, minmay_lair_oklob_bushes
Lair:2:   layout_gridlike, swamp_mist_pool,
          hellmonk_spider_entry_life_and_decay, grunt_megastairs_1,
          lemuel_fruit_fields
Lair:3:   layout_regular_city, eino_house_with_fridge, lemuel_fruit_fields
Lair:4:   layout_regular_city
Lair:5:   gammafunk_lair_ancient_temple, layout_loops_ring,
          dpeg_slime_entry_corner, portal_ice_cave_demonic_guard,
          enter_volcano_3, infiniplex_staircase_pool_2, uniq_snorg

Skill      XL: |  1  2  3  4  5  6  7  8  9 10 11 12 13 |
---------------+----------------------------------------+-----
Fire Magic     | 3 4 6 7 8 9 |  9.3
Stealth        | 2 3 4 5 6 7 8 9 10 | 10.7
Dodging        | 2 3 4 |  4.2
Spellcasting   | 3 4 5 6 7 9 10 11 | 11.4
Conjurations   | 2 3 4 5 6 7 |  7.2
Short Blades   | 1 2 3 4 |  4.3
Earth Magic    | 1 2 3 5 |  5.5
Fighting       | 1 2 3 |  3.4
Armour         | 1 3 |  3.9
Throwing       | 1 |  1.2
Shields        | 2 |  2.3
Evocations     | |  0.2

Action                   |  1- 3 |  4- 6 |  7- 9 | 10-12 | 13-15 || total
-------------------------+-------+-------+-------+-------+-------++-------
Melee: Dagger            |    24 |    12 |    10 |       |       ||    46
       Quick blade       |       |       |    83 |   183 |    19 ||   285
       Tailslap          |       |       |     6 |    22 |     1 ||    29
       Punch             |       |       |     1 |     2 |       ||     3
Throw: Dart              |       |     3 |     1 |     6 |       ||    10
       Throwing net      |       |       |       |     2 |       ||     2
 Cast: Foxfire           |    35 |    29 |    36 |       |     1 ||   101
       Scorch            |       |     2 |   112 |    75 |    15 ||   204
       Conjure Flame     |       |       |     2 |     3 |       ||     5
       Stone Arrow       |       |       |    12 |   210 |    48 ||   270
       Flame Wave        |       |       |       |     8 |       ||     8
Evoke: Wand              |     1 |       |     1 |       |       ||     2
  Use: Potion            |     1 |     2 |    10 |     4 |     1 ||    18
       Scroll            |       |       |    13 |    11 |     2 ||    26
 Stab: Paralysed         |     4 |    10 |    32 |    84 |     6 ||   136
       Sleeping          |     1 |     1 |    19 |     4 |       ||    25
Armor: Robe              |    11 |     1 |    34 |     9 |       ||    55
       Steam dragon scal |       |       |       |     8 |       ||     8
       Acid dragon scale |       |       |       |    60 |    21 ||    81
Dodge: Dodged            |    18 |    11 |    74 |   129 |    17 ||   249
Block: Buckler           |       |       |       |    45 |     8 ||    53
